 Dungeon Crawl Stone Soup version 0.25.1-3-ge44b62a0b3 (webtiles) character file.

Game seed: 5427785460036170898

368 BledDest the Chucker (level 6, -3/59 HPs)
             Began as an Ogre Hunter on Nov 21, 2020.
             Was an Initiate of Okawaru.
             Killed from afar by an orc wizard (12 damage)
             ... with a puff of frost
             ... on level 4 of the Dungeon.
             The game lasted 00:10:26 (3431 turns).

BledDest the Chucker (Ogre Hunter)                  Turns: 3431, Time: 00:10:27

Health: -3/59      AC:  3    Str: 24    XL:     6   Next: 69%
Magic:  6/6        EV: 10    Int: 12    God:    Okawaru [......]
Gold:   170        SH:  0    Dex: 10    Spells: 5/5 levels left

rFire    . . .     SeeInvis .   k - +1 whip (drain)
rCold    . . .     Gourm    .   (no shield)
rNeg     . . .     Faith    .   b - +0 robe
rPois    .         Spirit   .   (helmet restricted)
rElec    .         Reflect  .   (no cloak)
rCorr    +         Harm     .   (gloves unavailable)
MR       .....                  (boots unavailable)
Stlth    +.........             (no amulet)
HPRegen  0.19/turn              l - ring of resist corrosion
MPRegen  0.10/turn              s - +6 ring of strength

@: no status effects
A: large, unfitting armour, tough skin 1
a: Renounce Religion


You were on level 4 of the Dungeon.
You worshipped Okawaru.
Okawaru was noncommittal.
You were not hungry.

You visited 1 branch of the dungeon, and saw 4 of its levels.

You collected 170 gold pieces.

Inventory:

Hand Weapons
 k - a +1 whip of draining (weapon)
Missiles
 j - 55 stones (quivered)
Armour
 b - a +0 robe (worn)
Jewellery
 l - a ring of resist corrosion (left hand)
 n - an uncursed ring of fire
 s - a +6 ring of strength (right hand)
Scrolls
 a - a scroll of noise {unknown}
 e - 2 scrolls of immolation {unknown}
 g - 3 scrolls of identify
 h - 4 scrolls of remove curse {unknown}
 i - a scroll of random uselessness {unknown}
 o - a scroll of teleportation {unknown}
 p - 2 scrolls of amnesia {unknown}
 v - a scroll of enchant weapon {unknown}
Potions
 m - a potion of resistance {unknown}
 r - a potion of lignification {unknown}
 u - a potion of degeneration {unknown}
Comestibles
 f - 5 rations
 t - 9 chunks of flesh


   Skills:
 - Level 2.6 Fighting
 + Level 2.5 Maces & Flails
 + Level 7.1 Throwing
 - Level 1.7 Dodging
 - Level 0.6 Stealth


You had 5 spell levels left.
You didn't know any spells.
Your spell library was empty.

Dungeon Overview and Level Annotations

Branches:
Dungeon (4/15)
 Temple: D:4-7

Altars:
Cheibriados
Nemelex Xobeh
Okawaru

Annotations:
D:3 2 transporters


Innate Abilities, Weirdness & Mutations

You are too large for most types of armour.
You have tough skin. (AC +1)


Message History

The orc priest calls down the wrath of Beogh upon you.
Pain shoots through your body!
* * * LOW HITPOINT WARNING * * *
Something hits you but does no damage. Something hits you.
* * * LOW HITPOINT WARNING * * *
It was a potion of heal wounds.
You feel much better. Something hits you.
* * * LOW HITPOINT WARNING * * *
Something hits you.
* * * LOW HITPOINT WARNING * * *
A magic dart appears from out of thin air!
The magic dart hits you!
* * * LOW HITPOINT WARNING * * *
Something hits you.
* * * LOW HITPOINT WARNING * * *
There is a stone staircase leading up here.
You hear some strange, mumbled words.
A puff of frost appears from out of thin air!
The puff of frost hits you!
You die...

######.#####.#
..#......##.###
#.#.#.##.......
###.#.#.#####.### #
#.....#........##
#.##.#.########.⌠.⌠.
#......# #.._..
#####.### ##⌠.⌠#
#...@...# ########.##
#.###{#.# #.....##.##
#.###.#.###.....##...
#.##.o#.........#####
#.##.....##.....# #
#.#####.###.....# #
#.......##....### #
#######.##.##.# #
#.##o##.# #


You could see an orc priest.

Vanquished Creatures
  2 orc priests
  A worker ant (D:4)
  3 orc wizards
  Robin (D:2)
  5 gnolls
  5 adders (D:2)
  3 worms
  2 dart slugs (D:2)
  A leopard gecko (D:1)
  8 orcs
  2 giant cockroaches
  17 goblins
  13 hobgoblins
  3 quokkas
  5 bats
  3 frilled lizards
  7 kobolds
  6 rats
87 creatures vanquished.

Notes
Turn   | Place    | Note
-------+----------+-------------------------------------------
     0 | D:1      | BledDest the Ogre Hunter began the quest for the Orb.
     0 | D:1      | Reached XP level 1. HP: 22/22 MP: 1/1
   341 | D:1      | Reached XP level 2. HP: 27/29 MP: 2/2
   547 | D:1      | HP: 1/29 [leopard gecko (2)]
  1195 | D:2      | You fall into a shaft and drop 2 floors!
  1196 | D:4      | Noticed a scorpion
  1332 | D:3      | Reached XP level 3. HP: 35/36 MP: 3/3
  1367 | D:3      | Found a transporter.
  1370 | D:3      | Found a transporter.
  1405 | D:3      | Reached skill level 5 in Throwing
  1407 | D:3      | Reached XP level 4. HP: 35/44 MP: 4/4
  1568 | D:2      | Reached skill level 6 in Throwing
  1576 | D:2      | Reached XP level 5. HP: 50/50 MP: 5/5
  1669 | D:2      | Noticed Robin
  1729 | D:2      | Killed Robin
  2051 | D:2      | Reached skill level 1 in Maces & Flails
  2818 | D:3      | Reached XP level 6. HP: 48/59 MP: 6/6
  2837 | D:3      | Found an iron altar of Okawaru.
  2873 | D:3      | Became a worshipper of Warmaster Okawaru
  2999 | D:3      | Found a snail-covered altar of Cheibriados.
  3160 | D:4      | Found a sparkling altar of Nemelex Xobeh.
  3241 | D:4      | Reached skill level 7 in Throwing
  3431 | D:4      | Killed from afar by an orc wizard

Illustrated notes

Levels and vault maps discovered:
D:1:      mainiacjoe_arrival_reflecting_pool, layout_basic, minmay_bisected
D:2:      layout_loops_ring, first_ration, item_on_display_a, uniq_robin
D:3:      gammafunk_steamed_eel, layout_rooms, lemuel_doored_altar,
          okawaru_altar_gauntlet_db
D:4:      layout_loops_cross, nemelex_xobeh_ov_fountains_minmay,
          gammafunk_temple_overflow_statue

Skill      XL: |  1  2  3  4  5  6 |
---------------+-------------------+-----
Throwing       | 5 6 7 |  7.1
Maces & Flails | 1 2 |  2.5
Fighting       | |  2.6
Dodging        | |  1.7
Stealth        | |  0.6

Action                   |  1- 3 |  4- 6 || total
-------------------------+-------+-------++-------
Melee: Short sword       |    65 |       ||    65
       Whip              |     3 |   158 ||   161
Throw: Large rock        |    10 |    22 ||    32
       Stone             |    14 |    31 ||    45
       Throwing net      |       |     2 ||     2
  Use: Potion            |     1 |     1 ||     2
       Scroll            |     1 |       ||     1
 Stab: Sleeping          |     1 |     1 ||     2
  Eat: Chunk             |     2 |     6 ||     8
Armor: Robe              |    19 |    32 ||    51
Dodge: Dodged            |    40 |    83 ||   123
